 Dungeon Crawl Stone Soup version 0.26.0-11-g8f856b5395 (webtiles) character file.

Game seed: 1303573413661528057

198 xSliceyx the Skirmisher (level 5, -2/48 HPs)
             Began as a Hill Orc Fighter on Jan 15, 2021.
             Killed from afar by Dowan (8 damage)
             ... with a puff of frost
             ... on level 4 of the Dungeon.
             The game lasted 00:06:16 (2568 turns).

xSliceyx the Skirmisher (Hill Orc Fighter)          Turns: 2568, Time: 00:06:17

Health: -2/48      AC:  7    Str: 20    XL:     5   Next: 77%
Magic:  0/5        EV:  7    Int:  8    God:
Gold:   220        SH:  9    Dex: 10    Spells: 4/4 levels left

rFire    . . .     SeeInvis .   y - +4 dagger (speed)
rCold    . . .     Faith    .   c - +0 kite shield
rNeg     . . .     Spirit   +   b - +0 scale mail
rPois    .         Reflect  .   (no helmet)
rElec    .         Harm     .   t - scarf {+Inv}
rCorr    .         Rampage  .   (no gloves)
Will     .....                  (no boots)
Stlth    ..........             i - amulet of guardian spirit
HPRegen  0.16/turn              h - ring of flight
MPRegen  0.09/turn              (no ring)

@: mighty
A: no striking features
a: Evoke Invisibility, Evoke Flight


You were on level 4 of the Dungeon.
You visited 1 branch of the dungeon, and saw 4 of its levels.

You collected 220 gold pieces.

Inventory:

Hand Weapons
 y - a +4 dagger of speed (weapon)
Missiles
 u - 21 poisoned darts (quivered)
Armour
 b - a +0 scale mail (worn)
 c - a +0 kite shield (worn)
 t - a scarf of invisibility (worn)
Jewellery
 h - a ring of flight (left hand)
 i - an amulet of guardian spirit (around neck)
 k - an uncursed ring of ice
 x - an uncursed ring of ice
Wands
 q - a wand of disintegration (15)
Scrolls
 f - 4 scrolls of teleportation {unknown}
 j - a scroll of amnesia {unknown}
 l - a scroll of immolation {unknown}
 m - 4 scrolls of enchant armour {unknown}
 n - 2 scrolls of identify {unknown}
 r - a scroll of remove curse {unknown}
 w - a scroll of noise {unknown}
Potions
 a - a potion of degeneration {unknown}
 e - a potion of heal wounds {unknown}
 g - 2 potions of flight {unknown}
 s - 2 potions of curing
 v - a potion of lignification {unknown}


   Skills:
 + Level 5.2 Fighting
 - Level 2.1 Long Blades
 + Level 4.8 Armour
 + Level 4.7 Shields


You had 4 spell levels left.
You didn't know any spells.
Your spell library was empty.

Dungeon Overview and Level Annotations

Branches:
Dungeon (4/15)
 Temple: D:4-7

Altars:
Ru

Annotations:
D:4 Dowan, Duvessa


Message History

You block the worker ant's attack.
You puncture the worker ant!
The worker ant is almost dead.
Dowan points at Duvessa and mumbles some strange words.
Duvessa seems to speed up.
The worker ant barely misses you.
You closely miss the worker ant.
The worker ant is almost dead.
The worker ant bites you but does no damage.
You barely miss the worker ant.
The worker ant is almost dead.
The worker ant bites you but does no damage.
You closely miss the worker ant.
The worker ant is almost dead.
The worker ant barely misses you.
You puncture the worker ant!
You kill the worker ant!
Duvessa zaps a wand.
You block the puff of flame. Dowan casts a spell at you.
The puff of frost hits you!
You die...

#.....# ## #..... .. #
#.... #.#.#...
###...#[. #.......##
........e###
.......#e†.###
.......###@..#
.....)..####.########
.$..........).......##
.$.e..##.###......#..#
..e...
....#####.##.####
......
###........#....# ##
#>...###....
###..######.
##....####


You could see Duvessa (fast, resistant) and Dowan.

Vanquished Creatures
  A howler monkey (D:2)
  2 worker ants (D:4)
  3 adders (D:4)
  2 oozes
  5 worms
  2 dart slugs (D:3)
  3 leopard geckos
  3 orcs (D:3)
  4 giant cockroaches
  9 goblins
  8 hobgoblins
  9 jackals
  A quokka (D:2)
  2 ball pythons (D:3)
  6 bats
  4 frilled lizards
  6 kobolds
  6 rats
76 creatures vanquished.

Vanquished Creatures (others)
  A jackal (D:3)
1 creature vanquished.

Grand Total: 77 creatures vanquished

Notes
Turn   | Place    | Note
-------+----------+-------------------------------------------
     0 | D:1      | xSliceyx the Hill Orc Fighter began the quest for the Orb.
     0 | D:1      | Reached XP level 1. HP: 19/19 MP: 1/1
   272 | D:1      | Reached XP level 2. HP: 27/27 MP: 2/2
   465 | D:1      | Reached skill level 4 in Fighting
   623 | D:1      | Reached XP level 3. HP: 31/33 MP: 3/3
  1067 | D:2      | Reached XP level 4. HP: 39/41 MP: 4/4
  1279 | D:2      | Found a sacrificial altar of Ru.
  1602 | D:3      | Reached XP level 5. HP: 34/47 MP: 5/5
  2161 | D:4      | Reached skill level 5 in Fighting
  2537 | D:4      | Noticed Duvessa
  2537 | D:4      | Noticed Dowan
  2568 | D:4      | Killed from afar by Dowan

Illustrated notes

Levels and vault maps discovered:
D:1:      dpeg_arrival_tiny_a, layout_basic, st_stairs_7, minmay_split_cup_small
D:2:      layout_rooms, marbit_many_paths, st_stairs_5
D:3:      layout_rooms
D:4:      layout_rooms, kennysheep_generic_room_2, uniq_duvessa, uniq_grinder

Skill      XL: |  1  2  3  4  5 |
---------------+----------------+-----
Fighting       | 4 5 |  5.2
Armour         | 4 |  4.8
Shields        | 4 |  4.7
Long Blades    | |  2.1

Action                   |  1- 3 |  4- 6 || total
-------------------------+-------+-------++-------
Melee: Long sword        |    77 |     5 ||    82
       Dagger            |       |    52 ||    52
 Fire: Hunting sling     |       |   107 ||   107
  Use: Potion            |       |     2 ||     2
Armor: Scale mail        |    33 |    64 ||    97
Dodge: Dodged            |    30 |    40 ||    70
Block: Kite shield       |    57 |    62 ||   119
       Rpst.: Long sword |    14 |     1 ||    15
